 Dungeon Crawl Stone Soup version 0.29.1-15-g9cfb28693d (webtiles) character file.

Game seed: 9865064820067402619

926 javelincjr the Trooper (level 7, -4/58 HPs)
             Began as a Demonspawn Abyssal Knight on Mar 25, 2023.
             Was a Priest of Lugonu.
             Killed from afar by an orc wizard (5 damage)
             ... with a puff of flame
             ... on level 5 of the Dungeon.
             The game lasted 00:20:38 (4775 turns).

javelincjr the Trooper (Demonspawn Abyssal Knight)  Turns: 4775, Time: 00:20:38

Health: -4/58      AC: 12    Str: 14    XL:     7   Next: 85%
Magic:  18/19      EV: 10    Int: 15    God:    Lugonu [***...]
Gold:   260        SH:  0    Dex: 13    Spells: 6/7 levels left

rFire   . . .      SeeInvis .   l - +1 hand axe (freeze)
rCold   . . .      Faith    +   (no shield)
rNeg    + + .      Spirit   .   m - +0 scale mail of Enylunn {Rampage rN++ MP+9 Slay-2}
rPois   .          Reflect  .   f - +2 helmet
rElec   .          Harm     .   v - +1 cloak {Stlth+}
rCorr   +          Rampage  +   (no gloves)
Will    .....                   (no boots)
Stlth   +.........              a - amulet of faith
HPRegen 0.19/turn               s - ring of resist corrosion
MPRegen 0.16/turn               (no ring)

@: no status effects
A: big brain 1, condensation shield, demonic touch 1
a: Renounce Religion, Depart the Abyss, Bend Space, Banish


You were on level 5 of the Dungeon.
You worshipped Lugonu.
Lugonu was most pleased with you.
You visited 2 branches of the dungeon, and saw 6 of its levels.
You visited the Abyss 1 time.

You collected 506 gold pieces.
You spent 246 gold pieces at shops.

Inventory:

Hand Weapons
 j - a +1 war axe
 l - a +1 hand axe of freezing (weapon)
Missiles
 d - 3 boomerangs
 u - 7 poisoned darts (quivered)
Armour
 b - a +0 plate armour
 e - a +3 leather armour
 f - a +2 helmet (worn)
 m - the +0 scale mail of Enylunn (worn) {Rampage rN++ MP+9 Slay-2}
   (You found it on level 2 of the Dungeon)

   Slay:      It affects your accuracy & damage with ranged weapons and melee
   (-2).
   rN:        It greatly protects you from negative energy.
   MP:        It affects your magic capacity (+9).
   Rampage:   It bestows one free step when moving towards enemies.
 v - a +1 cloak of stealth (worn)
Jewellery
 a - an amulet of faith (around neck)
 s - a ring of resist corrosion (left hand)
Wands
 o - a wand of charming (9)
Scrolls
 g - a scroll of butterflies
 h - a scroll of identify
 i - a scroll of teleportation
 n - a scroll of amnesia
 r - a scroll of enchant weapon
Potions
 c - 2 potions of curing
 k - 2 potions of brilliance
 p - a potion of cancellation {unknown}


   Skills:
 * Level 6.0 Fighting
 + Level 3.6 Axes
 + Level 3.6 Armour
 + Level 3.2 Dodging
 + Level 0.5 Spellcasting
 + Level 5.2 Invocations


You had 6 spell levels left.
You knew the following spells:

 Your Spells              Type           Power      Damage    Failure   Level
a - Magic Dart            Conj           0%         1d3       71%         1

Your spell library contained the following spells:

 Spells                   Type           Power      Damage    Failure   Level
 Blink                    Tloc           0%         N/A       85%         2
 Call Imp                 Summ           0%         N/A       85%         2
 Gell's Gravitas          Tloc           0%         N/A       97%         3
 Lesser Beckoning         Tloc           0%         N/A       97%         3
 Mephitic Cloud           Conj/Pois/Air  0%         N/A       97%         3
 Portal Projectile        Hex/Tloc       0%         N/A       97%         3
 Teleport Other           Tloc           0%         N/A       97%         3
 Tukima's Dance           Hex            0%         N/A       97%         3
 Blade Hands              Tmut           0%         N/A       100%        5
 Manifold Assault         Tloc           0%         N/A       100%        5


Dungeon Overview and Level Annotations

Branches:
Dungeon (5/15)             Temple (1/1) D:4

Altars:
Fedhas
Gozag
Hepliaklqana
Kikubaaqudgha
Makhleb
Okawaru
Ru
Sif Muna
Vehumet
Wu Jian
Xom
Yredelemnul

Shops:
D:1 ?   D:3 (   D:4 [

Annotations:
Abyss:1 Dowan, Duvessa, Grinder


Innate Abilities, Weirdness & Mutations

You have an unusually large brain. (Int +2)
A meltable shield of frost defends you. (SH +0)
Your touch may inflict minor irresistible damage on your foes.


Message History

You hit the gnoll. You freeze the gnoll. You hit the orc priest.
You freeze the orc priest. The gnoll hits you with a +0 club.
The orc wizard mumbles some strange words.
The orc wizard flickers and vanishes!
Deactivating autopickup; reactivate with Ctrl-A.
The orc priest hits you but does no damage.
You closely miss the orc priest.
The orc priest is moderately wounded.
You hit the gnoll. You freeze the gnoll.
You kill the gnoll!
Lugonu accepts your kill.
You barely miss the gnoll. The gnoll hits you but does no damage.
The orc priest calls down the wrath of Beogh upon you.
Beogh smites you!
You hit the orc priest but do no damage.
The orc priest is moderately wounded.
You hit the orc. You freeze the orc.
You kill the orc!
Lugonu accepts your kill.
You barely miss the gnoll. You hit the gnoll but do no damage.
The orc priest hits you with a +0 dagger.
The gnoll barely misses you. You block the gnoll's attack.
You hit the orc priest. You freeze the orc priest.
The orc priest is severely wounded.
You hit the gnoll but do no damage. You barely miss something.
You closely miss the gnoll. You block something's attack.
The gnoll hits you but does no damage. The gnoll hits you with a +3 flail!
* * * LOW HITPOINT WARNING * * *
The orc priest hits you but does no damage.
The gnoll misses you. You block the orc priest's attack.
Something hits you but does no damage. The gnoll hits you with a +3 flail!
* * * LOW HITPOINT WARNING * * *
Okay, then.
Okay, then.
Space bends violently around you!
You blink.
You hear some strange, mumbled words.
A puff of flame appears from out of thin air!
The puff of flame hits you.
Your condensation shield dissipates!
You die...

... ... #........ #........
#############........ ..
#..................# #.#
#........g.........
######.###......@.{g......###.
.................o...........
...................)........
####...#.#...........)....####
.......#.#.######.##........#
#..........................
#.......#..........#.......
#...#...+..........#....... #
#...#...# ......... ##.####


You could see an orc priest and 2 gnolls.

Vanquished Creatures
  A phantom (D:5)
  A quasit (Abyss:1)
  A centaur zombie (D:4)
  An orc priest (D:4)
  3 orc wizards
  A hound zombie (D:4)
  8 adders
  5 gnolls
  A worm (D:2)
  4 dart slugs
  14 orcs
  4 endoplasms
  7 giant cockroaches
  7 goblins
  11 hobgoblins
  A jackal (D:3)
  5 kobolds
  3 quokkas
  7 ball pythons
  5 bats
  4 frilled lizards
  10 rats
104 creatures vanquished.

Vanquished Creatures (others)
  A small abomination (Abyss:1)
  5 fungi
6 creatures vanquished.

Grand Total: 110 creatures vanquished

Notes
Turn   | Place    | Note
-------+----------+-------------------------------------------
     0 | Abyss:1  | javelincjr the Demonspawn Abyssal Knight began the quest
                  | for the Orb.
     0 | Abyss:1  | Reached XP level 1. HP: 18/18 MP: 2/2
     0 | Abyss:1  | Found a corrupted altar of Lugonu.
    56 | Abyss:1  | Noticed a quasit
    66 | Abyss:1  | Killed a quasit
    67 | Abyss:1  | Reached skill level 1 in Dodging
    67 | Abyss:1  | Gained mutation: A meltable shield of frost defends you.
                  | (SH +0) [demonic ancestry]
    67 | Abyss:1  | Reached XP level 2. HP: 12/24 MP: 2/4
    67 | Abyss:1  | Gained mutation: Your touch may inflict minor irresistible
                  | damage on your foes. [demonic ancestry]
    67 | Abyss:1  | Reached XP level 3. HP: 14/29 MP: 2/5
   178 | Abyss:1  | Noticed an efreet
   209 | Abyss:1  | Found a corrupted altar of Lugonu.
   209 | Abyss:1  | Noticed a small abomination
   216 | Abyss:1  | HP: 1/29 [small abomination (17)]
   217 | D:1      | Escaped the Abyss
   820 | D:1      | Reached ** piety under Lugonu
  1195 | D:1      | Found Pymesch's Magic Scroll Emporium.
  1212 | D:1      | Bought a scroll of teleportation for 39 gold pieces
  1212 | D:1      | Bought a scroll of identify for 26 gold pieces
  1479 | D:2      | Reached XP level 4. HP: 36/36 MP: 6/6
  1499 | D:2      | Identified the +0 scale mail of Enylunn {Rampage rN++ MP+9
                  | Slay-2}
  2082 | D:3      | Reached skill level 4 in Fighting
  2135 | D:3      | Reached XP level 5. HP: 41/42 MP: 7/7
  2179 | D:3      | Reached *** piety under Lugonu
  2219 | D:3      | You fall into a shaft and drop 1 floor!
  2361 | D:4      | Found a staircase to the Ecumenical Temple.
  2380 | Temple   | Entered the Ecumenical Temple
  2504 | Temple   | Learned a level 1 spell: Magic Dart
  2806 | D:3      | Found Cuucsir's Weapon Shop.
  3413 | D:4      | Noticed an ogre
  3414 | D:4      | Banished an ogre
  3415 | D:4      | Reached XP level 6. HP: 49/49 MP: 9/9
  3637 | D:4      | Found an ancient bone altar of Kikubaaqudgha.
  3642 | D:4      | Noticed Duvessa
  3646 | D:4      | Noticed Dowan
  3648 | D:4      | Banished Duvessa
  3649 | D:4      | Reached skill level 5 in Fighting
  3654 | D:4      | Banished Dowan
  3655 | D:4      | Gained mutation: You have an unusually large brain. (Int
                  | +2) [demonic ancestry]
  3655 | D:4      | Reached XP level 7. HP: 31/56 MP: 7/10
  3661 | D:4      | Noticed Grinder
  3666 | D:4      | Found an iron altar of Okawaru.
  3685 | D:3      | HP: 1/56 [something/puff of flame (10)]
  3986 | D:4      | Banished Grinder
  4011 | D:4      | Reached skill level 5 in Invocations
  4427 | D:4      | Found Moawis's Armour Boutique.
  4435 | D:4      | Bought a +1 cloak of stealth for 181 gold pieces
  4452 | D:4      | Noticed Menkaure
  4610 | D:4      | Found a basalt altar of Yredelemnul.
  4730 | D:5      | Entered Level 5 of the Dungeon
  4745 | D:5      | Reached skill level 6 in Fighting
  4775 | D:5      | Killed from afar by an orc wizard

Illustrated notes

Levels and vault maps discovered:
D:1:      dpeg_arrival_prison, layout_loops_ring, serial_shops,
          nicolae_shop_crystal, reono_crystal_passage, minmay_misc_feat_room,
          roderic_malta_cross
D:2:      layout_rooms, minmay_3d_cube
D:3:      layout_basic, serial_shops, nicolae_shop_bloodbath_and_beyond,
          st_stairs_13
D:4:      layout_loops_ring, mainiacjoe_overflow_chevrons, okawaru_gym_becter,
          lemuel_zombie_altar_yredelemnul, minmay_temple_entry_offerings,
          serial_shops, shop, uniq_menkaure, uniq_grinder, uniq_duvessa
D:5:      layout_basic, nicolae_qazlal_style_of_elements,
          chequers_temple_overflow_minitemple, uniq_eustachio
Temple:   nicolae_temple_two_arcs

Skill      XL: |  1  2  3  4  5  6  7 |
---------------+----------------------+-----
Axes           | 2 3 |  3.6
Armour         | 2 3 |  3.6
Dodging        | 1 2 3 |  3.2
Invocations    | 3 4 5 |  5.2
Fighting       | 4 5 6 |  6.0
Spellcasting   | |  0.5

Action                   |  1- 3 |  4- 6 |  7- 9 || total
-------------------------+-------+-------+-------++-------
Melee: Hand axe          |    74 |   153 |    91 ||   318
       Touch             |     8 |    25 |    12 ||    45
       Punch             |       |     4 |     2 ||     6
Invok: Depart the Abyss  |     1 |       |       ||     1
       Banish            |       |     4 |     1 ||     5
       Bend Space        |       |       |     5 ||     5
  Use: Scroll            |     1 |     2 |     5 ||     8
       Potion            |       |       |     5 ||     5
Armor: Leather armour    |    20 |       |       ||    20
       Chain mail        |    19 |     2 |       ||    21
       Scale mail        |       |    81 |    72 ||   153
Dodge: Dodged            |    46 |    59 |    57 ||   162
Block: Other             |     9 |    19 |    24 ||    52
